cohdb
Replays
Latest Replays
All Replays
Popular Replays
Top Player Replays
Match Explorer
How It Works
Community
CoH3 Stats
Reddit
Sign in to upload your games and track your stats! →
Sign in with Steam
Match 43448915
Unlisted
Match 43448915
Overview
Messages
Build Orders
End
Pioneer Squad
Selects Terror Battlegroup
Construct Infanterie Kompanie
Pioneer Squad
Selects Machine Gun Camouflage
MG 42 Machine Gun Team
MG 42 Machine Gun Team
GrW 34 Mortar Team
Construct Luftwaffe Kompanie
221 Scout Car
Flak 30 Anti-aircraft Gun Team
Selects No Quarter
MG 42 Machine Gun Team
Support Elements
Medical Bunker
MG 42 Machine Gun Team
Marder III M Tank Destroyer
MG 42 Machine Gun Team
Marder III M Tank Destroyer
MG 42 Machine Gun Team
MG 42 Machine Gun Team
Marder III M Tank Destroyer
Kettenkrad Recon Vehicle
MG 42 Machine Gun Team
Pioneer Squad
Pioneer Squad
Pioneer Squad
MG 42 Machine Gun Team
Selects King Tiger Heavy Tank
King Tiger Heavy Tank
Kettenkrad Recon Vehicle
JIuMoH4uk
Doctor Guver
ConcernedApe
Luckyman55
0
0
Comments
sign in to comment!
No comments posted yet!